Map: Acropolis LE

Players

Lemon

  • Race: Zerg Zerg
  • Spawn Location: 11:00

souL - Winner!

  • Race: Terran Terran
  • Spawn Location: 5:00

VOD

Have the link to the VOD?

Description

Time

  • Played on: Sept. 6, 2019, 8:50 p.m.
  • Length: 16:48
Show
View Real Time Build Order
Export as new Build Order

Lemon Zerg 

Build Orders: Hatch First, Brood Lord Corruptor, Muta Ling Bane 

Get SALT Encoding   

  12  0:00  Drone  
  13  0:12  Overlord  
  13  0:19  Drone  
  14  0:31  Drone x2  
  16  0:49  Hatchery  
  15  0:51  Drone  
  15  0:55  Drone  
  17  0:58  Drone  
  18  1:09  Extractor  
  17  1:13  Spawning Pool  
  17  1:17  Drone  
  17  1:20  Drone  
  18  1:29  Drone  
  19  1:40  Drone  
  20  1:51  Drone  
  21  2:00  Queen x2  
  21  2:01  Zergling x4  
  27  2:14  Hatchery  
  26  2:18  Overlord  
  26  2:22  Drone  
  27  2:24  Drone  
  28  2:42  Drone x2  
  28  2:43  Queen, Drone  
  33  2:45  Metabolic Boost  
  33  2:55  Overlord  
  33  2:58  Drone x3  
  36  3:14  Drone x2  
  36  3:15  Drone x3  
  36  3:19  Queen, Drone  
  44  3:25  Overlord  
  44  3:28  Queen  
  46  3:40  Drone x2  
  48  3:46  Zergling x8  
  48  3:48  Zergling x2  
  53  3:52  Drone x5  
  53  3:53  Overlord  
  57  4:10  Queen  
  59  4:17  Drone  
  59  4:18  Drone x5  
  59  4:20  Overlord x3  
  65  4:25  Overlord  
  65  4:33  Overlord  
  65  4:37  Queen  
  67  4:39  Drone x8  
  67  4:42  Lair  
  75  4:47  Drone  
  75  4:52  Zergling x14  
  83  5:00  Extractor x2  
  83  5:01  Extractor x2  
  83  5:03  Baneling Nest, Zergling x6  
  81  5:11  Overlord  
  81  5:13  Zergling x2  
  82  5:16  Drone x2  
  84  5:31  Drone x8  
  92  5:36  Spore Crawler  
  92  5:39  Spore Crawler  
  92  5:40  Spore Crawler  
  89  5:48  Drone x5  
  90  5:51  Spire  
  84  6:04  Drone  
  84  6:05  Drone x6  
  84  6:08  Extractor  
  88  6:11  Roach Warren  
  74  6:26  Drone x6  
  74  6:31  Evolution Chamber x2  
  77  6:36  Overlord  
  77  6:37  Hatchery  
  76  6:48  Drone  
  76  6:50  Drone  
  78  6:56  Glial Reconstitution  
  78  7:02  Mutalisk x9  
  78  7:05  Zerg Flyer Weapons Level 1  
  78  7:06  Mutalisk  
  96  7:11  Zerg Melee Weapons Level 1  
  96  7:13  Zergling x6  
  94  7:20  Drone x3  
  95  7:25  Overlord  
  95  7:26  Overlord  
  91  7:38  Mutalisk  
  91  7:44  Drone x9  
  100  7:50  Roach x2  
  104  7:54  Infestation Pit  
  105  7:58  Roach  
  105  7:59  Roach x2  
  109  8:06  Drone  
  109  8:07  Drone x2  
  109  8:08  Extractor  
  109  8:09  Extractor  
  109  8:10  Centrifical Hooks, Zerg Missile Weapons Level 1  
  110  8:13  Overlord x3  
  110  8:14  Drone  
  107  8:27  Spore Crawler  
  107  8:28  Drone x6  
  107  8:30  Overlord x4  
  107  8:32  Hive  
  112  8:43  Roach x2  
  112  8:44  Roach x8  
  132  8:49  Spine Crawler  
  132  8:51  Spine Crawler  
  132  8:52  Zergling x2  
  132  8:53  Zergling x6, Hatchery  
  132  8:54  Ravager x4  
  132  8:55  Ravager  
  137  8:59  Zergling x12  
  143  9:13  Corruptor x5  
  151  9:18  Spore Crawler  
  151  9:19  Corruptor  
  151  9:20  Corruptor  
  151  9:23  Corruptor  
  153  9:30  Corruptor  
  149  9:44  Drone x2  
  149  9:45  Drone  
  152  9:48  Spore Crawler  
  152  9:49  Corruptor  
  152  9:50  Spine Crawler  
  148  9:53  Greater Spire  
  148  9:55  Drone x4  
  148  9:56  Drone x3  
  155  10:03  Zerg Melee Weapons Level 2  
  155  10:07  Overlord  
  155  10:08  Overlord x2  
  155  10:19  Queen x2  
  159  10:22  Extractor  
  159  10:24  Extractor  
  157  10:32  Corruptor x2  
  159  10:38  Zerg Missile Weapons Level 2  
  159  10:49  Pathogen Glands  
  154  11:04  Brood Lord  
  154  11:05  Brood Lord x8  
  172  11:11  Zergling x2  
  172  11:12  Zergling x36  
  172  11:13  Overlord  
  172  11:16  Spore Crawler  
  190  11:26  Corruptor x2, Spine Crawler  
  190  11:28  Spine Crawler  
  190  11:29  Corruptor  
  190  11:32  Zerg Flyer Weapons Level 2  
  194  11:41  Corruptor  
  194  11:45  Neural Parasite  
  194  11:50  Corruptor  
  194  11:51  Corruptor x2  
  194  11:53  Corruptor  
  188  12:02  Corruptor x2  
  188  12:06  Corruptor  
  182  12:16  Corruptor x3  
  182  12:20  Corruptor  
  185  12:27  Zergling x2  
  185  12:28  Zergling x10  
  189  12:31  Corruptor  
  189  12:36  Zergling x6  
  192  12:44  Zergling x12  
  198  12:55  Corruptor x3  
  198  12:57  Corruptor  
  183  13:05  Corruptor x2  
  176  13:06  Zergling x2  
  168  13:13  Zergling x10  
  168  13:19  Corruptor  
  167  13:25  Zergling x12  
  167  13:26  Zergling x2  
  168  13:28  Zergling x2  
  168  13:29  Zergling x2  
  170  13:43  Zergling x4  
  163  13:53  Brood Lord  
  155  13:56  Roach x8  
  171  14:07  Roach  
  171  14:08  Roach x4  
  175  14:19  Roach  
  175  14:20  Roach x5  
  176  14:26  Roach x3  
  182  14:35  Roach x4  
  188  14:41  Ravager x13  
  188  14:42  Overlord  
  196  15:00  Zergling x4  
  196  15:01  Hatchery  
  189  15:10  Zergling x28  
  189  15:12  Ravager  
  189  15:13  Ravager x3  
  191  15:15  Zergling x2  
  191  15:16  Zergling x2  
  191  15:19  Baneling  
  174  15:31  Roach x6  
  174  15:32  Roach x2  
  155  15:36  Drone x4  
  155  15:41  Baneling x14  
  150  15:45  Roach  
  148  15:52  Corruptor  
  148  15:56  Zergling x8  
  150  16:04  Drone x3  
  150  16:05  Drone  
  154  16:11  Corruptor  
  154  16:12  Corruptor  
Show
View Real Time Build Order
Export as new Build Order

souL Terran - Winner!

Build Orders: Reaper Expand, Mech 

Get SALT Encoding   

  12  0:00  SCV  
  13  0:12  SCV  
  14  0:16  Supply Depot  
  14  0:24  SCV  
  15  0:38  SCV  
  15  0:40  Barracks  
  16  0:44  Refinery  
  16  0:50  SCV  
  17  1:02  SCV  
  18  1:14  SCV  
  19  1:27  Orbital Command, Reaper  
  20  1:38  Command Center  
  20  1:50  Supply Depot  
  20  1:53  SCV  
  21  1:59  Marine  
  22  2:05  Factory  
  22  2:07  SCV  
  23  2:10  Refinery  
  23  2:19  SCV  
  24  2:22  Barracks Reactor  
  24  2:31  SCV  
  25  2:43  SCV  
  26  2:45  Command Center  
  25  2:53  Orbital Command  
  25  2:57  SCV  
  26  3:05  Starport  
  26  3:09  SCV  
  27  3:13  Hellion  
  27  3:17  Hellion  
  31  3:21  SCV x2  
  31  3:25  Marine  
  34  3:33  SCV  
  34  3:34  SCV, Hellion  
  36  3:39  Hellion  
  40  3:43  Fusion Core  
  40  3:46  SCV, Starport Tech Lab  
  40  3:48  SCV  
  42  3:56  Hellion  
  42  3:58  SCV  
  42  4:00  SCV  
  42  4:01  Hellion  
  48  4:03  Orbital Command  
  48  4:10  SCV  
  48  4:12  SCV  
  48  4:17  Hellion, Barracks Tech Lab  
  48  4:22  SCV, Supply Depot  
  57  4:31  Battlecruiser  
  57  4:32  SCV  
  57  4:33  SCV  
  57  4:34  SCV  
  57  4:37  Refinery  
  60  4:40  Refinery  
  60  4:44  SCV  
  61  4:46  SCV, Supply Depot  
  61  4:47  SCV  
  61  4:51  Engineering Bay  
  63  4:55  Siege Tank, Supply Depot  
  63  4:56  Marine  
  63  4:57  Marine  
  68  5:02  SCV  
  69  5:07  SCV x2  
  69  5:10  Supply Depot  
  69  5:13  Weapon Refit  
  71  5:14  SCV  
  71  5:19  SCV  
  74  5:26  SCV  
  74  5:31  SCV  
  74  5:34  Factory, Refinery  
  75  5:36  Factory  
  75  5:38  SCV  
  75  5:40  Orbital Command  
  75  5:43  SCV  
  75  5:49  Refinery  
  76  5:50  SCV  
  76  5:55  SCV, Battlecruiser  
  84  6:02  SCV  
  81  6:08  SCV  
  81  6:10  SCV  
  74  6:12  Hellion  
  74  6:13  Hellion  
  74  6:14  SCV  
  79  6:20  SCV  
  79  6:22  SCV  
  81  6:27  SCV  
  81  6:32  SCV  
  83  6:34  SCV  
  83  6:35  Factory Tech Lab  
  83  6:36  Hellion, Siege Tank, Supply Depot  
  83  6:37  Supply Depot  
  83  6:39  SCV  
  90  6:44  SCV  
  90  6:46  SCV  
  92  6:51  SCV, Engineering Bay  
  93  6:54  Armory  
  93  6:55  Armory  
  93  6:57  SCV  
  93  6:59  SCV  
  93  7:00  Supply Depot x2  
  95  7:02  Command Center  
  95  7:08  SCV, Hellion  
  104  7:12  SCV  
  105  7:22  Battlecruiser  
  113  7:35  Cyclone x2  
  113  7:36  Hellion x2  
  115  7:38  Missile Turret x2  
  115  7:39  Missile Turret  
  115  7:41  Missile Turret  
  115  7:50  Missile Turret  
  115  7:51  Missile Turret  
  109  7:52  Terran Vehicle And Ship Armor Level 1, Terran Vehicle Weapons Level 1  
  109  7:53  Factory  
  109  7:55  Mag-Field Accelerator, Factory  
  109  8:01  SCV x2  
  109  8:03  SCV  
  110  8:07  Cyclone  
  110  8:09  Cyclone  
  110  8:10  Hellion x2  
  120  8:13  SCV  
  120  8:14  Supply Depot  
  118  8:24  SCV  
  118  8:25  Missile Turret x2  
  118  8:31  Hellion x2  
  118  8:33  SCV  
  118  8:34  SCV  
  124  8:36  SCV  
  124  8:38  Planetary Fortress  
  124  8:40  Cyclone  
  131  8:41  Siege Tank  
  131  8:45  Factory Tech Lab, Refinery, Factory Reactor  
  131  8:46  SCV x2, Refinery  
  133  8:49  SCV  
  133  8:53  Hellion  
  136  8:58  SCV x2  
  136  9:02  Supply Depot  
  137  9:03  Supply Depot x2  
  137  9:06  SCV  
  137  9:08  Cyclone  
  139  9:10  SCV  
  139  9:14  Neosteel Armor  
  140  9:18  Supply Depot  
  140  9:23  Cyclone  
  140  9:24  SCV x2, Hellion, Battlecruiser  
  147  9:28  Command Center, SCV  
  154  9:32  Siege Tank  
  154  9:33  Hellion  
  154  9:36  SCV  
  154  9:37  Hellion  
  162  9:40  Siege Tank  
  162  9:45  Hellion  
  167  9:51  Hellion  
  163  9:56  Siege Tank  
  166  10:04  Command Center  
  166  10:05  Siege Tank  
  169  10:09  Supply Depot x2  
  169  10:12  Siege Tank  
  171  10:21  Sensor Tower x2  
  171  10:27  Terran Ship Weapons Level 1  
  171  10:29  Starport  
  171  10:30  Starport  
  171  10:31  Battlecruiser  
  177  10:38  Siege Tank x2, Hellion  
  185  10:44  Siege Tank  
  188  10:50  Command Center  
  188  10:52  SCV x2  
  190  11:04  Command Center  
  190  11:08  Command Center  
  190  11:10  Refinery  
  190  11:16  Refinery  
  190  11:20  Starport Tech Lab x2  
  186  11:27  Ghost Academy, Orbital Command  
  186  11:28  Barracks x2  
  186  11:30  Barracks  
  186  11:31  Terran Vehicle And Ship Armor Level 2  
  186  11:38  Battlecruiser  
  191  11:47  Battlecruiser  
  191  11:54  Cyclone  
  191  11:59  Cyclone  
  185  12:03  Battlecruiser  
  184  12:25  Barracks Tech Lab  
  175  12:35  Thor x3  
  178  12:38  Barracks Tech Lab x2  
  178  12:39  Orbital Command  
  178  12:43  Battlecruiser  
  173  12:51  Battlecruiser  
  152  13:00  Hellion x4  
  147  13:07  Ghost  
  147  13:09  Ghost  
  147  13:12  Ghost  
  142  13:18  Cyclone x3  
  145  13:21  Hellion x3  
  140  13:28  Orbital Command  
  140  13:31  Orbital Command  
  124  13:38  SCV  
  124  13:40  Planetary Fortress  
  119  13:48  SCV x3  
  119  13:50  Cyclone, SCV  
  123  13:56  SCV x2  
  123  14:00  SCV x3  
  123  14:02  Planetary Fortress  
  128  14:04  SCV  
  128  14:08  SCV x2  
  131  14:13  SCV  
  130  14:24  Ghost x3, Orbital Command  
  130  14:26  SCV  
  130  14:31  Cyclone, Hellion  
  142  14:44  SCV x3  
  142  14:45  Refinery  
  145  14:52  Refinery  
  145  14:54  SCV  
  145  14:55  Personal Cloaking  
  145  14:56  SCV  
  145  14:58  SCV x2  
  147  15:12  Cyclone  
  147  15:18  Ghost, Battlecruiser  
  147  15:21  Hellion  
  157  15:33  Orbital Command  
  149  15:38  Cyclone  
  149  15:39  Hellion  
  149  15:42  Cyclone  
  157  15:49  Cyclone  
  160  15:59  SCV x5  
  160  16:03  SCV  
  166  16:11  Orbital Command  
  166  16:15  Cyclone, Hellion x2  
  171  16:27  Hellion x3  
  171  16:29  SCV  
Tags
 
Add a new tag
Caveats
  • Supply blocks, unpowered buildings, or Contaminate may cause inaccurate times.
  • Supply counts are checked every 10 seconds.